 Dungeon Crawl Stone Soup version 0.29-a0-284-gf9362112df (webtiles) character file.

Game seed: 17213835236871550435

147 spaghetti the Magician (level 5, -3/37 HPs)
             Began as a Djinni Transmuter on Mar 26, 2022.
             Killed from afar by a white imp (15 damage)
             ... with a puff of frost
             ... summoned by Natasha
             ... on level 2 of the Dungeon on Mar 27, 2022.
             The game lasted 00:05:16 (2763 turns).

spaghetti the Magician (Djinni Transmuter)          Turns: 2763, Time: 00:05:17

Health: -3/37      AC:  2    Str:  9    XL:     5   Next: 55%
Gold:   31         EV: 12    Int: 17    God:
                   SH:  0    Dex: 13

rFire   + + +      SeeInvis .   f - +3 short sword {short}
rCold   x . .      Faith    .   (no shield)
rNeg    . . .      Spirit   .   a - +0 robe
rPois   ∞          Reflect  .   (helmet currently unavailable)
rElec   .          Harm     .   g - scarf {repulsion}
rCorr   .          Rampage  .   (no gloves)
Will    .....                   (boots unavailable)
Stlth   +.........              (no amulet)
HPRegen 0.12/turn               c - ring of protection from fire
MPRegen 0.00/turn               (no ring)

@: appendages (expiring), wereblooded, flying, repel missiles
A: horns 2, flying, sickness immunity, fire resistance 2, cold vulnerability 1,
float, innate caster, HP casting, extra vitality 1
a: End Transformation


You were on level 2 of the Dungeon.
You had temporarily grown beastly horns.
You visited 1 branch of the dungeon, and saw 2 of its levels.

You collected 31 gold pieces.


Innate Abilities, Weirdness & Mutations

You have temporarily grown beastly horns.
You are flying.
You are immune to sickness and miasma.
You are immune to poison.
Your flesh is very heat resistant. (rF++)
You are vulnerable to cold. (rC-)
You float through the air rather than walking.
You learn spells naturally, not from books.
Your magical power is your life essence.
You have superior vitality. (+4 MHP)


   Skills:
 - Level 1.0 Fighting
 - Level 2.1 Dodging
 - Level 3.4 Unarmed Combat
 + Level 3.8 Spellcasting


You couldn't memorise any spells.
You knew the following spells:

 Your Spells              Type           Power      Damage    Failure   Level
a - Beastly Appendage     Tmut           32%        N/A       3%          1
b - Wereblood             Tmut           16%        N/A       4%          2
c - Spider Form           Tmut/Pois      16%        N/A       10%         3
d - Ice Form              Ice/Tmut       16%        N/A       32%         4
e - Apportation           Tloc           32%        N/A       3%          1
f - Passwall              Tmut/Erth      13%        N/A       4%          2
Your spell library was empty.

Inventory:

Hand Weapons
 e - a +0 short sword of draining {short}
   (You took it off a kobold on level 1 of the Dungeon)
 f - a +3 short sword (weapon) {short}
   (You found it on level 2 of the Dungeon)
Missiles
 b - 43 stones {throwing}
 d - 8 poisoned darts {throwing}
Armour
 a - a +0 robe (worn)
 g - a scarf of repulsion (worn)
   (You found it on level 2 of the Dungeon)
Jewellery
 c - a ring of protection from fire (left hand)
   (You found it on level 1 of the Dungeon)
Potions
 h - a potion of heal wounds {unknown}

Dungeon Overview and Level Annotations

Branches:
Dungeon (2/15)

Altars:

Annotations:
D:2 Natasha

#.## #.# #.........#
#... #..# #.#
#.........# #### ##.#
#.# #.........# #
#.###.# #.........# #
##..##.# #.........#
# .......# ####......
# ###.##.# #.........
# # #.##.# #..5..# #
# #.##.# #.@h..# #
###.##.########.....#
#
'...............#####
# ####.#.########.# #
# #.#.#........#
##.#.#........#
#....'........# ###
###.# #.#..#........#
#.. ..#.#
#.#..#####....###.#
#.#.#


You could see Natasha and a white imp (summoned).


Message History

You feel yourself speed up. 😎 HP[+26]
Your hp is fully restored (37).
You need no library to learn spells.
You reach down and open the door.
A worm is nearby!
A worm is nearby!
A worm is nearby!
Casting: Wereblood (safe; 4% risk of failure)
Confirm with . or Enter, or press ? or * to list all spells.
You grow a pair of large bovine horns. 😕 HP[-1]
You take 1 damage, and now have 36/37 hp.
Casting: Beastly Appendage (safe; 3% risk of failure)
Confirm with . or Enter, or press ? or * to list all spells.
You fail to extend your transformation any further. 😕 HP[-1]
You take 1 damage, and now have 35/37 hp.
Casting: Beastly Appendage (safe; 3% risk of failure)
Confirm with . or Enter, or press ? or * to list all spells.
Your blood is infused with primal strength. 😕 HP[-1]
You take 1 damage, and now have 34/37 hp.
There is an open door here.
You hit the worm. You headbutt the worm! The worm closely misses you.
You hit the worm. The worm barely misses you.
You hit the worm.
You headbutt the worm, but do no damage.
The worm bites you! 😮 HP[-11]
You take 11 damage, and now have 23/37 hp.
MASSIVE DAMAGE!! (PAUSE)
You hit the worm. You headbutt the worm.
You feel a bit better.
You kill the worm! 😮 HP[+1]
You see here a worm corpse.
You howl as the wereblood boils in your veins!
Your transformation is almost over.
You howl as the wereblood boils in your veins!
Your horns disappear.
Your primal bloodlust is almost over.
You howl as the wereblood boils in your veins!
Your primal bloodlust has ended.
Key pressed, stopping explore. 😎 HP[+13]
Your hp is fully restored (37).
A dart slug is nearby!
A dart slug is nearby!
A dart slug is nearby!
A dart slug is nearby!
A dart slug is nearby!
You hit the dart slug. The dart slug launches a dart at you.
The slug dart is repelled.
You puncture the dart slug!
You kill the dart slug!
Key pressed, stopping explore.
You now have 31 gold pieces (gained 11).
Key pressed, stopping explore.
There is an open door here.
There is an open door here.
Natasha, Servant of Life and Death comes into view.
Natasha hisses angrily.
Natasha mumbles some strange words.
Natasha mumbles some strange words.
Natasha shimmers violently.
The white imp gestures at you.
The puff of frost is repelled.
Casting: Wereblood (safe; 4% risk of failure)
Confirm with . or Enter, or press ? or * to list all spells.
You grow a pair of large bovine horns. 😕 HP[-1]
You take 1 damage, and now have 36/37 hp.
Casting: Beastly Appendage (safe; 3% risk of failure)
Confirm with . or Enter, or press ? or * to list all spells.
Your blood is infused with primal strength.
Natasha claws you. The white imp gestures at you.
The puff of frost is repelled. 😕 HP[-7]
You take 7 damage, and now have 29/37 hp.
You hit Natasha. Your headbutt misses Natasha. Natasha barely misses you.
The white imp gestures at you.
The puff of frost is repelled.
You closely miss Natasha. Your headbutt misses Natasha. Natasha claws you.
The white imp barely misses you. 😮 HP[-6]
You take 6 damage, and now have 23/37 hp.
You closely miss Natasha. Natasha claws you!
* * * LOW HITPOINT WARNING * * *
The white imp barely misses you. 😨 HP[-8]
You take 8 damage, and now have 15/37 hp.
MASSIVE DAMAGE!! (PAUSE)
You miss Natasha. Natasha claws you.
* * * LOW HITPOINT WARNING * * *
The white imp gestures at you. The puff of frost hits you!
You feel a terrible chill!
You die...

Skill      XL: |  1  2  3  4 |
---------------+-------------+-----
Spellcasting   | 2 3 |  3.8
Fighting       | |  1.0
Dodging        | |  2.1
Unarmed Combat | |  3.4

Action                   |  1- 3 |  4- 6 || total
-------------------------+-------+-------++-------
Melee: Unarmed           |    25 |    28 ||    53
       Headbutt          |     8 |     5 ||    13
       Punch             |     2 |       ||     2
       Short sword       |    93 |    37 ||   130
 Cast: Beastly Appendage |    11 |     4 ||    15
       Wereblood         |     5 |     7 ||    12
       Spider Form       |       |     6 ||     6
  Use: Potion            |     3 |       ||     3
 Stab: Sleeping          |     1 |       ||     1
       Distracted        |       |     1 ||     1
Armor: Robe              |    22 |     4 ||    26
       Skin              |    34 |     2 ||    36
Dodge: Dodged            |    89 |    50 ||   139
       Repelled          |       |     4 ||     4

Levels and vault maps discovered:
D:1:      ldierk_water_garden, layout_basic,
          shapermc_ecumenical_altar_totnotflames
D:2:      layout_basic, corexii_corridor_pit, uniq_natasha, uniq_jessica

Notes
Turn   | Place    | Note
-------+----------+-------------------------------------------
     0 | D:1      | spaghetti the Djinni Transmuter began the quest for the
                  | Orb.
     0 | D:1      | Reached XP level 1. HP: 17/17 MP: 0/0
     0 | D:1      | magus.rc [v1.9.6]
   369 | D:1      | Reached XP level 2. HP: 17/22 MP: 0/0
   544 | D:1      | HP: 4/22 [frozen (3)]
   822 | D:1      | HP: 5/22 [jackal (2)]
   824 | D:1      | HP: 2/22 [jackal (1)]
   840 | D:1      | Reached skill level 2 in Spellcasting
  1004 | D:1      | Reached XP level 3. HP: 26/27 MP: 0/0
  1004 | D:1      | Learned a level 1 spell: Apportation
  1308 | D:2      | HP: 4/27 [adder (3)]
  1309 | D:2      | HP: 1/27 [adder (3)]
  1315 | D:2      | HP: 2/27 [constriction (1)]
  1318 | D:2      | Reached XP level 4. HP: 9/32 MP: 0/0
  1322 | D:2      | HP: 8/32 [rat (2)]
  1558 | D:2      | Reached skill level 3 in Spellcasting
  2028 | D:2      | Noticed Jessica
  2034 | D:2      | Killed Jessica
  2035 | D:2      | Reached XP level 5. HP: 35/37 MP: 0/0
  2035 | D:2      | Learned a level 2 spell: Passwall
  2275 | D:2      | Noticed Natasha
  2276 | D:2      | magus.rc [v1.9.6]
  2287 | D:2      | Killed Natasha
  2755 | D:2      | Noticed Natasha
  2763 | D:2      | Killed from afar by a white imp

Vanquished Creatures
  Jessica (D:2)
  Natasha (D:2)
  An adder (D:2)
  4 gnolls (D:2)
  A worm (D:2)
  2 dart slugs
  5 ball pythons
  2 endoplasms
  2 giant cockroaches (D:1)
  4 goblins
  2 hobgoblins (D:1)
  4 jackals (D:1)
  2 kobolds
  4 quokkas
  2 bats (D:1)
  7 rats
44 creatures vanquished.

Vanquished Creatures (others)
  4 toadstools (D:1)
4 creatures vanquished.

Grand Total: 48 creatures vanquished

Table legend:
 A = Non-vault XP
 B = Vault XP
 C = Vault XP percentage of total XP
 D = Non-vault monster count
 E = Vault monster count
 F = Vault count percentage of total count
                 A         B        C        D         E       F
            +---------+---------+-------+---------+---------+-------
      Total |     139 |      72 |  34.1 |      42 |       2 |   4.5
            +---------+---------+-------+---------+---------+-------
        D:1 |      38 |       0 |   0.0 |      21 |       0 |   0.0
        D:2 |     101 |      72 |  41.6 |      21 |       2 |   8.7
            +---------+---------+-------+---------+---------+-------

Illustrated notes

Table legend:
 A = Kills in this place as a percentage of kills in entire the game.
 B = Kills by you in this place as a percentage of kills by you in the entire game.
 C = Kills by friends in this place as a percentage of kills by friends in the entire game.
 D = Other kills in this place as a percentage of other kills in the entire game.
 E = Experience gained in this place as a percentage of experience gained in the entire game.
 F = Experience gained in this place divided by the number of levels of this place that you have seen.
                   A       B       C       D       E      F
               +-------+-------+-------+-------+-------+----------------------
         Total | 100.0 | 100.0 |   N/A |   N/A | 100.0 | 105.5
       Dungeon | 100.0 | 100.0 |   N/A |   N/A | 100.0 | 105.5
               +-------+-------+-------+-------+-------+----------------------

Table legend: (Time is in decaauts)
 A = Elapsed time spent in this place.
 B = Non-inter-level travel time spent in this place.
 C = Inter-level travel time spent in this place.
 D = Time resting spent in this place.
 E = Time spent auto-exploring this place.
 F = Levels seen in this place.
 G = Mean time per level.
                   A        B        C        D        E       F      G
               +--------+--------+--------+--------+--------+-----+--------+
         Total |   2778 |   2770 |      8 |    780 |   1474 |   2 | 1389.0 |
       Dungeon |   2778 |   2770 |      8 |    780 |   1474 |   2 | 1389.0 |
               +--------+--------+--------+--------+--------+-----+--------+

Top non-repeatable levels by time:
     D:2: 1641 daAuts
     D:1: 1137 daAuts
